 Dungeon Crawl Stone Soup version 0.32-a0-485-g70f7560b1c (webtiles) character file.

Game seed: 8647866913132171216

648 Asceticacid the Martial Artist (level 7, -2/35 HPs)
             Began as a Vine Stalker Monk on Feb 26, 2024.
             Was an Initiate of Ru.
             Slain by Duvessa
             ... wielding a +0 short sword
              (7 damage)
             ... on level 4 of the Dungeon.
             The game lasted 00:06:32 (2910 turns).

Asceticacid the Martial Artist (Vine Stalker Monk)  Turns: 2910, Time: 00:06:33

Health: -2/35      AC:  9    Str: 16    XL:     7   Next: 53%
Magic:  0/8        EV: 10    Int: 10    God:    Ru [......]
Gold:   221        SH:  0    Dex: 22    Spells: 6/6 levels left

rFire   . .          .
                       - Unarmed
rCold   . . .        c - orb {light}
rNeg    . . .        g - +1 scale mail
rPois   .            u - +2 hat {Will+}
rElec   .            (no cloak)
rCorr   .            (no gloves)
SInv    .            (no boots)
Will    +....        (no amulet) Stlth
                     a - +6 ring of dexterity
HPRegen 1.05/turn    (no ring)
MPRegen 0.11/turn

%: guardian spirit
@: weak-willed, enlightened, flying, hasted, glowing, studying Evocations, very
quick
A: fangs 2, regeneration 1, magic shield, antimagic bite, no potion heal 2
a: Renounce Religion


You were on level 4 of the Dungeon.
You worshipped Ru.
Ru was noncommittal.
You visited 1 branch of the dungeon, and saw 4 of its levels.

You collected 221 gold pieces.

Inventory:

Missiles
 e - 5 datura-tipped darts (quivered)
 m - 3 poisoned darts
Armour
 c - an orb of light (worn)
 g - a +1 scale mail (worn)
 u - a +2 hat of willpower (worn)
Jewellery
 a - a +6 ring of dexterity (left hand)
Scrolls
 j - 2 scrolls of identify
Potions
 b - a potion of ambrosia
 h - a potion of heal wounds
 k - a potion of degeneration {unknown}
 l - a potion of magic {unknown}
 o - a potion of invisibility {unknown}
 q - a potion of lignification {unknown}
 r - a potion of curing {unknown}


   Skills:
 - Level 2.8 Fighting
 - Level 2.5 Dodging
 + Level 8.4 Unarmed Combat


You had 6 spell levels left.
You didn't know any spells.
Your spell library was empty.

Dungeon Overview and Level Annotations

Branches:
Dungeon (4/15)             Temple (0/1) D:4

Altars:
Nemelex Xobeh
Ru

Shops:
D:3 :

Annotations:
D:3 2 runed translucent doors, cforsyth's ghost, weakling CoCA
D:4 1 runed translucent door, Azoth's ghost, amateur HuFi; Dowan; Duvessa


Innate Abilities, Weirdness & Mutations

You have extremely sharp teeth.
Your natural rate of healing is unusually fast.
When hurt, damage is shared between your health and your magic reserves.
Your bite disrupts and absorbs the magic of your enemies.
Potions cannot restore your health.


Message History

Dowan points at Duvessa and mumbles some strange words.
Duvessa seems to speed up.
Duvessa attacks as she pursues you! Duvessa hits you with a +0 short sword!
Throw: 6 darts (datura)
Press: ? - help, Q - select action, (/) - cycle Shift-Dir - straight line, f - Duvessa
Aim: Duvessa, wielding a +0 short sword and wearing a +0 scale mail (lightly wounded, fast, haloed, 86% to hit, chance to frenzy on hit: 51%)
You throw a datura-tipped dart. The datura-tipped dart hits Duvessa.
Duvessa flies into a frenzy!
Duvessa is lightly wounded.
Duvessa hits Dowan with a +0 short sword.
Dowan hits Duvessa but does no damage.
Duvessa hits you with a +0 short sword!
Duvessa hits Dowan with a +0 short sword!
Dowan mumbles some strange words.
Dowan blinks!
Duvessa hits the kobold with a +0 short sword!
The kobold dies!
As you read the scroll labelled PIORHE JATS, it crumbles to dust.
You assume a fearsome visage.
Duvessa is unaffected.
Dowan looks frightened!
It was a scroll of fear.
Dowan casts a spell.
Dowan blinks!
Duvessa closely misses you. Duvessa hits you with a +0 short sword.
Duvessa attacks as she pursues you! Duvessa hits you with a +0 short sword.
Duvessa hits you with a +0 short sword!
* * * LOW HITPOINT WARNING * * *
As you read the scroll labelled QABEALIULO, it crumbles to dust.
A wave of despondency washes over your surroundings.
It was a scroll of vulnerability.
Duvessa hits you with a +0 short sword!
* * * LOW HITPOINT WARNING * * *
Okay, then.
You aren't carrying any items that you can evoke.
Unknown command.
Okay, then.
It was a potion of enlightenment.
You feel very buoyant.
You fly up into the air.
Duvessa barely misses you. x2
It was a potion of haste.
You feel yourself speed up. Duvessa hits you with a +0 short sword!
You die...
Ru respects your ultimate sacrifice.

..##.............
.............#....
...#..##.....#....
...#[.##..#<.#...#
......ยง..........#
.................#
...#..#......##..#
.................#
...#....)...#.##@#
...............e.#
........###.#.####
...........##.#
..............#
..............#
......#.#..##.#
#.##....#..##.#
#.##.##.#..##.#


You could see the neutral Duvessa (fast, strong, frenzied, weak-willed).

Vanquished Creatures
  Eustachio (D:4)
  Edmund (D:4)
  A phantom (D:3)
  2 scorpions (D:4)
  A hound (D:3)
  An orc priest (D:4)
  An iguana (D:4)
  4 adders
  A ribbon worm (D:2)
  6 orcs
  8 endoplasms
  2 giant cockroaches
  4 goblins
  10 hobgoblins
  2 jackals (D:1)
  5 kobolds
  6 ball pythons
  7 bats
  4 frilled lizards (D:1)
  6 rats
73 creatures vanquished.

Vanquished Creatures (collateral kills)
  A kobold (D:4)
1 creature vanquished.

Grand Total: 74 creatures vanquished

Notes
Turn   | Place    | Note
-------+----------+-------------------------------------------
     0 | D:1      | Asceticacid the Vine Stalker Monk began the quest for the
                  | Orb.
     0 | D:1      | Reached XP level 1. HP: 11/11 MP: 2/2
   171 | D:1      | Reached XP level 2. HP: 16/16 MP: 3/3
   500 | D:1      | Reached XP level 3. HP: 19/19 MP: 4/4
   631 | D:2      | Reached skill level 4 in Unarmed Combat
   706 | D:2      | Found a faded altar of an unknown god.
   861 | D:2      | Reached XP level 4. HP: 23/23 MP: 5/5
  1463 | D:3      | Found a large runed translucent door.
  1464 | D:3      | Found a large runed translucent door.
  1465 | D:3      | Noticed cforsyth's ghost (weakling CoCA)
  1542 | D:3      | Found a sacrificial altar of Ru.
  1596 | D:3      | Became a worshipper of Ru the Awakened
  1614 | D:3      | Found Paufun's Book Shoppe.
  1806 | D:3      | Reached skill level 5 in Unarmed Combat
  2163 | D:4      | Found a staircase to the Ecumenical Temple.
  2210 | D:4      | Noticed Edmund
  2221 | D:4      | Noticed Eustachio
  2236 | D:4      | Killed Eustachio
  2237 | D:4      | Reached skill level 6 in Unarmed Combat
  2237 | D:4      | Reached XP level 5. HP: 24/28 MP: 6/6
  2237 | D:4      | Reached XP level 6. HP: 27/32 MP: 7/7
  2293 | D:4      | Noticed Azoth's ghost (amateur HuFi)
  2385 | D:4      | Noticed Duvessa
  2402 | D:3      | Reached skill level 7 in Unarmed Combat
  2412 | D:4      | Noticed Dowan
  2462 | D:4      | Found a runed translucent door.
  2479 | D:4      | Reached XP level 7. HP: 35/35 MP: 8/8
  2515 | D:4      | Killed Edmund
  2516 | D:4      | Reached skill level 8 in Unarmed Combat
  2561 | D:4      | Found a sparkling altar of Nemelex Xobeh.
  2910 | D:4      | Slain by Duvessa

Illustrated notes

Levels and vault maps discovered:
D:1:      spicycebolla_green_bress_n_ham, layout_loops_ring
D:2:      layout_basic, nicolae_ecumenical_lake_church
D:3:      layout_basic, mainiacjoe_overflow_chevrons,
          ebering_ghost_disaster_area, serial_shops, shop_statue, serial_rivers,
          chequers_serial_rivers_room_a, chequers_serial_rivers_room_a,
          chequers_serial_rivers_room_b, chequers_serial_rivers_room_a,
          chequers_serial_rivers_large_a
D:4:      old_forge, layout_basic, lemuel_doored_altar,
          minmay_temple_entry_purple_smoke, hellmonk_ghost_happy_afterlife,
          uniq_edmund, uniq_duvessa, uniq_eustachio

Skill      XL: |  1  2  3  4  5  6  7 |
---------------+----------------------+-----
Unarmed Combat | 4 6 7 8 |  8.4
Fighting       | |  2.8
Dodging        | |  2.5

Action                     |  1- 3 |  4- 6 |  7- 9 || total
---------------------------+-------+-------+-------++-------
  Melee: Unarmed           |    89 |    80 |    27 ||   196
         Bite              |    25 |    27 |    12 ||    64
  Throw: Dart              |       |     4 |     1 ||     5
 Invoke: Reject Sacrifices |       |     1 |       ||     1
Ability: Begin Untransform |       |     1 |       ||     1
    Use: Scroll            |       |     7 |     3 ||    10
         Potion            |       |       |     2 ||     2
   Stab: Distracted        |       |     1 |       ||     1
 Armour: Robe              |    20 |       |       ||    20
         Scale mail        |    32 |    44 |    23 ||    99
  Dodge: Dodged            |    40 |    40 |    10 ||    90
   Form: Beast             |       |     1 |       ||     1

Table legend: (Time is in decaauts)
 A = Elapsed time spent in this place.
 B = Non-inter-level travel time spent in this place.
 C = Inter-level travel time spent in this place.
 D = Time resting spent in this place.
 E = Time spent auto-exploring this place.
 F = Levels seen in this place.
 G = Mean time per level.
                   A        B        C        D        E       F      G
               +--------+--------+--------+--------+--------+-----+--------+
         Total |   2919 |   2761 |    158 |     26 |   2088 |   4 |  729.8 |
       Dungeon |   2919 |   2761 |    158 |     26 |   2088 |   4 |  729.8 |
               +--------+--------+--------+--------+--------+-----+--------+

Top non-repeatable levels by time:
     D:3: 1166 daAuts
     D:4: 597 daAuts
     D:1: 594 daAuts
     D:2: 561 daAuts
